 Dungeon Crawl Stone Soup version 0.31-a0-667-g39726597b9 (webtiles) character file.

Game seed: 15669681773060715416

6 GordonOverkill the Sneak (level 1, 0/14 HPs)
             Began as a Tengu Delver on Sept 4, 2023.
             Succumbed to a scorpion's poison
             ... on level 5 of the Dungeon.
             The game lasted 00:01:16 (246 turns).

GordonOverkill the Sneak (Tengu Delver)              Turns: 246, Time: 00:01:16

Health: 0/14       AC:  3    Str: 12    XL:     1   Next: 90%
Magic:  2/2        EV: 27    Int: 10    God:
Gold:   0          SH:  0    Dex: 15    Spells: 0/0 levels left

rFire   . . .        a - +0 spear
rCold   . . .        (no shield)
rNeg    . . .        b - +0 leather armour
rPois   .            (helmet restricted)
rElec   .            (no cloak)
rCorr   .            (no gloves)
SInv    .            (boots unavailable)
Will    .....        (no amulet)
Stlth   +++          (no ring)
HPRegen 0.22/turn    (no ring)
MPRegen 0.08/turn

%: acrobat
@: lethally poisoned (0 -> -9), acrobatic, hasted, very quick
A: beak, talons 3, acrobatic
a: no special abilities


You were on level 5 of the Dungeon.
You visited 2 branches of the dungeon, and saw 4 of its levels.

Inventory:

Hand Weapons
 a - a +0 spear (weapon)
Armour
 b - a +0 leather armour (worn)
Wands
 g - a wand of digging (3)
Scrolls
 c - a scroll of fog
 d - a scroll of revelation


   Skills:
 - Level 3.0 Fighting
 + Level 2.9 Polearms
 - Level 2.1 Dodging
 - Level 5.0 Stealth
 + Level 0.0 Spellcasting


You couldn't memorise any spells.
You didn't know any spells.
Your spell library contained the following spells:

 Spells                   Type           Power      Damage    Failure   Level
 Blink                    Tloc           0%         N/A       58%         2
 Lesser Beckoning         Tloc           0%         N/A       58%         2
 Momentum Strike          Conj/Tloc      0%         3d8       58%         2


Dungeon Overview and Level Annotations

Branches:
Dungeon (7/15)             Temple (1/1) D:5

Altars:
Ashenzari
Elyvilon
Fedhas
Gozag
Kikubaaqudgha
Makhleb
Nemelex Xobeh
Qazlal
Ru
Sif Muna
Trog
Vehumet
Wu Jian
Xom
Yredelemnul
Zin


Innate Abilities, Weirdness & Mutations

You have a beak for a mouth.
You have claws for feet.
You can magically evade attacks while moving or waiting.


Message History

Found a staircase back to the Dungeon.
There is a staircase back to the Dungeon here.
Found two altars.
Found three altars.
Found three altars.
Found an opulent altar of Gozag and a shimmering altar of Xom.
Found a burning altar of Makhleb and a blossoming altar of Fedhas.
Found a sacrificial altar of Ru.
Found a radiant altar of Vehumet.
Found a white marble altar of Elyvilon.
Found a stormy altar of Qazlal.
There is an ornate altar of the Wu Jian Council here.
There is an opulent altar of Gozag here.
You kneel at the altar of Gozag.
Gozag does not accept service from beggars like you!
The service fee for joining is currently 46 gold; you have none.
Unknown command.
Press < or > to pray at altars.
Unknown command.
Press < or > to pray at altars.
There is a shimmering blue altar of Sif Muna here.
There is a fountain of clear blue water here.
There is a staircase back to the Dungeon here.
You climb upwards.
The ogre hits you with a +0 giant club!
Ouch! That really hurt!
* * * LOW HITPOINT WARNING * * *
There is a staircase to the Ecumenical Temple, spattered with blood here.
As you read the scroll of fear, it crumbles to dust.
You assume a fearsome visage.
The ogre looks frightened!
The ogre moans, "Oh dear!
Oh dear!"
There is an open door here.
Cornered, the ogre turns to fight!
You feel yourself speed up. The scorpion attacks as it pursues you!
The scorpion stings you.
* * * LOW HITPOINT WARNING * * *
You are lethally poisoned!
The scorpion poisons you!
* * * LOW HITPOINT WARNING * * *
You feel sick.
You die...

...# ### #.####### #
#.. #...##≈§### #.#
#.....≈≈§## #.#
#....≈§§§.' ...
#..≈≈≈≈O≈## #.#
#.#≈≈≈≈≈### #.#
#.###≈≈## # #@###
#.####### #...#
#.O...>.#
###...####.......#
#....s..###.####.#
#........##.####.##.
#........##.#.......
###.......#.#.##.###
#.......O...##.#
#..#.#..#......#


You could see an ogre and a scorpion.

Vanquished Creatures
  3 orcs (D:6)
3 creatures vanquished.

Notes
Turn   | Place    | Note
-------+----------+-------------------------------------------
     0 | D:5      | GordonOverkill the Tengu Delver began the quest for the
                  | Orb.
     0 | D:5      | Reached XP level 1. HP: 14/14 MP: 2/2
    22 | D:7      | Noticed an orc wizard
    46 | D:5      | Noticed an ogre
    46 | D:5      | Noticed a scorpion
    47 | D:5      | Noticed a hound
    64 | D:5      | Found a staircase to the Ecumenical Temple.
    70 | Temple   | Entered the Ecumenical Temple
   246 | D:5      | Succumbed to a scorpion's poison

Illustrated notes

Levels and vault maps discovered:
D:5:      layout_loops_cross, minmay_temple_entry_fiery,
          kennysheep_generic_room_12
D:6:      layout_loops_corners, okawaru_metal_pillars_1_2
D:7:      layout_rooms, serial_shops, nicolae_shop_hallway_plus
Temple:   minmay_temple_bridge_d

Action                     || total
---------------------------++-------
  Melee: Spear             ||     5
    Use: Scroll            ||     1
         Potion            ||     1
   Stab: Sleeping          ||     3
 Armour: Leather armour    ||     2

Table legend: (Time is in decaauts)
 A = Elapsed time spent in this place.
 B = Non-inter-level travel time spent in this place.
 C = Inter-level travel time spent in this place.
 D = Time resting spent in this place.
 E = Time spent auto-exploring this place.
 F = Levels seen in this place.
 G = Mean time per level.
                   A        B        C        D        E       F      G
               +--------+--------+--------+--------+--------+-----+--------+
         Total |    246 |    102 |    144 |      0 |      0 |   4 |   61.5 |
       Dungeon |    100 |    100 |      0 |      0 |      0 |   3 |   33.3 |
        Temple |    145 |      1 |    144 |      0 |      0 |   1 |  145.0 |
               +--------+--------+--------+--------+--------+-----+--------+

Top non-repeatable levels by time:
  Temple: 145 daAuts
     D:5: 64 daAuts
     D:6: 23 daAuts
     D:7: 12 daAuts
